 Dungeon Crawl Stone Soup version 0.25-a0-578-gc91f01c39c (webtiles) character file.

Game seed: 3406140220225557480, levelgen mode: deterministic

284 Flugslaktarn the Chopper (level 6, -10/55 HPs)
             Began as a Minotaur Fighter on Mar 3, 2020.
             Mangled by an orc warrior
             ... wielding a +0 war axe
              (11 damage)
             ... on level 4 of the Dungeon.
             The game lasted 00:00:47 (1733 turns).

Flugslaktarn the Chopper (Minotaur Fighter)         Turns: 1733, Time: 00:00:47

Health: -10/55     AC:  9    Str: 22    XL:     6   Next: 7%
Magic:  5/5        EV:  6    Int:  5    God:
Gold:   131        SH: 10    Dex: 10    Spells: 5/5 levels left

rFire    . . .     SeeInvis .   a - +0 war axe
rCold    . . .     Gourm    .   c - +0 kite shield
rNeg     . . .     Faith    .   h - +0 chain mail
rPois    .         Spirit   .   (helmet restricted)
rElec    .         Reflect  .   (no cloak)
rCorr    .         Harm     .   (no gloves)
MR       .....                  (no boots)
Stlth    ..........             (no amulet)
HPRegen  0.18/turn              (no ring)
MPRegen  0.09/turn              (no ring)

@: no status effects
A: retaliatory headbutt, horns 2
a: no special abilities


You were on level 4 of the Dungeon.
You were not hungry.

You visited 1 branch of the dungeon, and saw 4 of its levels.

You collected 131 gold pieces.

Inventory:

Hand Weapons
 a - a +0 war axe (weapon)
Armour
 b - a +0 scale mail
 c - a +0 kite shield (worn)
 h - a +0 chain mail (worn)
   (You found it on level 1 of the Dungeon)
Jewellery
 i - an uncursed ring of see invisible {unknown}
   (You found it on level 1 of the Dungeon)
 n - an uncursed amulet of faith {unknown}
   (You found it on level 3 of the Dungeon)
 p - an uncursed ring of flight {unknown}
   (You found it on level 3 of the Dungeon)
Scrolls
 g - 4 scrolls of enchant armour {unknown}
 j - 3 scrolls of remove curse {unknown}
 l - a scroll of magic mapping {unknown}
 q - a scroll of enchant weapon {unknown}
 r - a scroll of identify {unknown}
Potions
 d - a potion of might
 k - a potion of flight {unknown}
 m - a potion of resistance {unknown}
 o - a potion of curing {unknown}
Comestibles
 e - 3 rations
 f - 6 chunks of flesh


   Skills:
 + Level 4.8 Fighting
 * Level 5.2 Axes
 + Level 4.8 Armour
 + Level 4.9 Shields


You had 5 spell levels left.
You didn't know any spells.
Your spell library was empty.

Dungeon Overview and Level Annotations

Branches:
Dungeon (4/15)
 Temple: D:4-7

Altars:


Innate Abilities, Weirdness & Mutations

You reflexively headbutt those who attack you in melee.
You have a pair of horns on your head.


Message History

You are too injured to fight recklessly!
You are too injured to fight recklessly!
You are too injured to fight recklessly!
You are too injured to fight recklessly!
You are too injured to fight recklessly!
You are too injured to fight recklessly!
You are too injured to fight recklessly!
You are too injured to fight recklessly!
Unknown command.
You hit the orc warrior but do no damage.
You headbutt the orc warrior, but do no damage.
The orc warrior is moderately wounded.
You block the orc warrior's attack.
The orc warrior hits you with a +0 war axe!
* * * LOW HITPOINT WARNING * * *
You hit the orc warrior but do no damage.
Your headbutt misses the orc warrior.
The orc warrior is moderately wounded.
The orc warrior hits you with a +0 war axe!
You die...

.........## ..........#
..........##
...........##
............######
............#....#
#.............##
#.o@....#.....#
#....))..#..#.#
#....).⌠.#..#.#
#............#
#............##
...............#######
....)............##.##.
..........#............
.........#............


You could see an orc warrior.

Vanquished Creatures
  A phantom (D:4)
  An ogre (D:4)
  An orc priest (D:4)
  A worker ant (D:4)
  A gnoll (D:1)
  2 adders
  An adder skeleton (D:4)
  2 worms
  A dart slug (D:1)
  A leopard gecko (D:1)
  3 orcs (D:4)
  3 bats (D:1)
  3 goblins
  2 hobgoblins (D:1)
  2 frilled lizards (D:1)
  4 kobolds
  7 rats
36 creatures vanquished.

Notes
Turn   | Place    | Note
-------+----------+-------------------------------------------
     0 | D:1      | Flugslaktarn the Minotaur Fighter began the quest for the
                  | Orb.
     0 | D:1      | Reached XP level 1. HP: 19/19 MP: 0/0
    27 | D:1      | Reached skill level 3 in Axes
    27 | D:1      | Reached XP level 2. HP: 13/27 MP: 1/1
   659 | D:1      | Reached XP level 3. HP: 33/33 MP: 2/2
   968 | D:4      | Reached skill level 4 in Axes
   968 | D:4      | Reached XP level 4. HP: 20/40 MP: 3/3
  1314 | D:4      | Noticed a phantom
  1380 | D:4      | Killed a phantom
  1380 | D:4      | Reached XP level 5. HP: 28/47 MP: 4/4
  1513 | D:4      | Noticed an ogre
  1519 | D:4      | Killed an ogre
  1519 | D:4      | Reached skill level 5 in Axes
  1718 | D:4      | Reached XP level 6. HP: 48/55 MP: 5/5
  1723 | D:4      | Noticed an orc warrior
  1732 | D:4      | HP: 1/55 [orc warrior/+0 war axe (13)]
  1733 | D:4      | Mangled by an orc warrior

Levels and vault maps discovered:
D:1:      erik_arrival_cave_to_civilisation [erik_arrival_cave_to_hall],
          layout_basic
D:2:      layout_basic, minmay_gold_behind_fungi, elyvilon_altar_5, uniq_natasha
D:3:      layout_rooms
D:4:      layout_cave_pools, glass_columns_a, kennysheep_decorative_pillar,
          hangedman_abyss_or_decor_stabs

Skill      XL: |  1  2  3  4  5 |
---------------+----------------+-----
Axes           | 3 4 5 |  5.2
Fighting       | 4 |  4.8
Armour         | 4 |  4.8
Shields        | 4 |  4.9

Action                   |  1- 3 |  4- 6 || total
-------------------------+-------+-------++-------
Melee: War axe           |    77 |    57 ||   134
       Headbutt          |    12 |    10 ||    22
  Eat: Chunk             |       |     3 ||     3
Armor: Scale mail        |    14 |       ||    14
       Chain mail        |    26 |    21 ||    47
Dodge: Dodged            |     9 |     9 ||    18
Block: Kite shield       |    41 |    27 ||    68

Table legend:
 A = Non-vault XP
 B = Vault XP
 C = Vault XP percentage of total XP
 D = Non-vault monster count
 E = Vault monster count
 F = Vault count percentage of total count
                 A         B        C        D         E       F
            +---------+---------+-------+---------+---------+-------
      Total |     407 |       0 |   0.0 |      36 |       0 |   0.0
            +---------+---------+-------+---------+---------+-------
        D:1 |      43 |       0 |   0.0 |      18 |       0 |   0.0
        D:2 |      14 |       0 |   0.0 |       2 |       0 |   0.0
        D:3 |      11 |       0 |   0.0 |       6 |       0 |   0.0
        D:4 |     339 |       0 |   0.0 |      10 |       0 |   0.0
            +---------+---------+-------+---------+---------+-------
